Map: Eternal Empire LE

Players

soO

  • Race: Zerg Zerg
  • Spawn Location: 7:00

AgoElazer (Elazer) - Winner!

  • Race: Zerg Zerg
  • Spawn Location: 1:00

Event: Shopify TSL 5

VOD

Have the link to the VOD?

Description

Time

  • Played on: May 31, 2020, 9:27 a.m.
  • Length: 12:19

All games in this series

Show
View Real Time Build Order
Export as new Build Order

soO Zerg 

Build Orders: Hatch First 

Get SALT Encoding   

  12  0:01  Drone  
  13  0:12  Overlord  
  13  0:17  Drone  
  14  0:30  Drone  
  14  0:31  Drone  
  16  0:47  Hatchery  
  15  0:51  Drone  
  15  0:55  Drone  
  17  0:58  Drone  
  18  1:08  Extractor  
  17  1:14  Spawning Pool  
  17  1:16  Drone  
  17  1:20  Drone  
  18  1:27  Drone  
  19  1:38  Drone  
  20  1:49  Drone  
  21  1:59  Drone  
  21  2:00  Queen x2  
  21  2:01  Overlord  
  26  2:10  Drone x2  
  26  2:11  Metabolic Boost  
  28  2:21  Drone x2  
  30  2:33  Hatchery  
  30  2:35  Drone  
  30  2:42  Queen  
  32  2:45  Zergling x2  
  32  2:49  Overlord  
  33  2:53  Drone  
  33  2:54  Drone  
  33  2:58  Baneling Nest  
  34  3:01  Drone  
  35  3:06  Zergling x2  
  35  3:08  Drone  
  35  3:09  Drone  
  35  3:10  Drone  
  35  3:12  Drone  
  40  3:13  Drone  
  40  3:18  Overlord  
  41  3:24  Drone  
  41  3:25  Drone  
  43  3:28  Drone  
  44  3:34  Evolution Chamber  
  44  3:36  Drone  
  44  3:37  Drone  
  45  3:43  Drone x2  
  45  3:47  Drone  
  45  3:48  Drone  
  48  3:49  Zergling x4  
  48  3:51  Drone  
  48  3:52  Extractor  
  48  3:53  Extractor  
  49  4:00  Zerg Missile Weapons Level 1, Roach Warren  
  49  4:02  Drone  
  49  4:03  Zergling x6  
  49  4:05  Overlord  
  49  4:07  Zergling x2  
  49  4:09  Drone  
  54  4:14  Overlord  
  54  4:18  Overlord  
  54  4:23  Overlord  
  54  4:29  Zergling x4  
  56  4:36  Baneling x3  
  56  4:40  Overlord  
  56  4:44  Roach x7  
  70  4:49  Roach x2  
  74  4:53  Roach  
  74  4:54  Roach  
  74  4:57  Roach  
  79  5:01  Roach  
  79  5:07  Roach x3  
  85  5:12  Roach x2  
  89  5:15  Roach  
  89  5:17  Roach, Zergling x2  
  92  5:25  Zergling x10  
  92  5:28  Zergling x2  
  97  5:32  Zergling x2  
  98  5:35  Overlord  
  97  5:45  Ravager  
  97  5:48  Zergling x4  
  97  5:49  Zergling x2  
  98  5:53  Zergling x2  
  98  5:54  Baneling x2  
  98  5:55  Zergling x6  
  98  5:57  Zergling x4  
  100  5:58  Zergling x2  
  102  6:05  Zergling x4  
  95  6:11  Zergling x2  
  95  6:12  Zergling x2  
  87  6:18  Drone x6  
  87  6:19  Queen x2  
  87  6:23  Zergling x4  
  87  6:30  Zerg Ground Armor Level 1  
  77  6:35  Drone x2  
  77  6:38  Drone  
  77  6:39  Queen  
  76  6:41  Zergling x2  
  73  6:47  Overlord  
  73  6:49  Drone  
  75  6:54  Zergling x8  
  75  6:56  Overlord  
  75  7:00  Zergling x2  
  73  7:02  Spore Crawler x2  
  73  7:04  Zergling x8  
  73  7:06  Zergling x2  
  73  7:08  Lair  
  72  7:13  Spore Crawler  
  71  7:15  Drone x2  
  71  7:16  Drone x2  
  71  7:18  Queen  
  71  7:22  Spore Crawler  
  76  7:27  Drone  
  76  7:29  Overlord  
  77  7:30  Overlord  
  77  7:33  Overlord  
  77  7:36  Overlord  
  77  7:37  Overlord  
  77  7:40  Overlord  
  77  7:44  Overlord  
  77  7:50  Overlord  
  77  7:51  Queen  
  77  7:53  Zergling x6  
  77  7:56  Drone  
  77  7:57  Drone x4  
  85  7:59  Drone x4  
  85  8:03  Drone x2  
  85  8:04  Drone x2  
  91  8:09  Spire  
  91  8:10  Drone  
  91  8:20  Extractor x2  
  84  8:31  Drone x2  
  84  8:33  Extractor  
  85  8:34  Spore Crawler  
  85  8:38  Zergling x16  
  85  8:39  Zergling x2  
  91  8:44  Drone x2  
  93  8:52  Zergling x8  
  93  8:53  Zergling x4  
  92  8:59  Drone  
  92  9:02  Drone x2  
  95  9:04  Extractor, Drone x2  
  96  9:15  Overlord  
  96  9:27  Corruptor x8  
  96  9:28  Hatchery  
  110  9:31  Corruptor  
  109  9:41  Corruptor x4  
  117  9:47  Corruptor  
  117  9:49  Centrifical Hooks  
  119  9:56  Corruptor x2  
  119  10:11  Corruptor x4  
  126  10:17  Baneling x3  
  126  10:22  Zergling x6  
  126  10:25  Overlord  
  127  10:32  Overlord  
  127  10:35  Overlord  
  127  10:42  Corruptor x4  
  127  10:47  Corruptor x2  
  139  10:50  Baneling x2  
  139  10:51  Zergling x6  
  142  10:59  Zergling x14  
  149  11:09  Baneling x3  
  149  11:12  Corruptor x3  
  155  11:19  Zergling x2  
  155  11:20  Zergling x8  
  155  11:22  Overlord  
  141  11:41  Corruptor x4  
Show
View Real Time Build Order
Export as new Build Order

AgoElazer Zerg - Winner!

Build Orders: Hatch First 

Get SALT Encoding   

  12  0:00  Drone  
  13  0:12  Overlord  
  13  0:17  Drone  
  14  0:30  Drone x2  
  16  0:48  Hatchery  
  15  0:51  Drone  
  15  0:55  Drone  
  17  0:58  Drone  
  18  1:09  Extractor  
  17  1:13  Spawning Pool  
  17  1:17  Drone  
  17  1:20  Drone  
  18  1:27  Drone  
  19  1:38  Drone  
  20  1:50  Drone  
  21  2:00  Queen x2, Drone  
  26  2:01  Overlord  
  26  2:09  Metabolic Boost  
  26  2:11  Drone  
  26  2:12  Zergling x2  
  28  2:21  Drone  
  28  2:22  Drone  
  30  2:32  Drone  
  30  2:35  Hatchery  
  30  2:38  Drone  
  30  2:42  Drone  
  30  2:43  Drone  
  33  2:49  Baneling Nest  
  32  2:53  Overlord  
  32  2:55  Drone  
  33  3:04  Drone  
  33  3:05  Drone  
  35  3:08  Drone  
  35  3:09  Overlord  
  36  3:15  Drone x4  
  36  3:18  Zergling x2  
  36  3:19  Zergling x2  
  42  3:26  Lair  
  42  3:30  Drone x2  
  43  3:35  Extractor  
  43  3:39  Drone  
  43  3:40  Drone x2  
  46  3:41  Drone x4  
  46  3:44  Drone  
  46  3:48  Queen  
  52  3:51  Overlord  
  52  3:52  Drone  
  52  3:55  Extractor  
  52  3:58  Drone x2  
  54  4:02  Extractor  
  54  4:04  Drone x2  
  54  4:09  Evolution Chamber  
  54  4:11  Drone  
  54  4:12  Drone x3  
  54  4:13  Drone x2  
  54  4:16  Drone x2  
  62  4:18  Drone  
  62  4:21  Drone  
  64  4:25  Spire  
  64  4:27  Zergling x2  
  64  4:28  Baneling  
  64  4:29  Zergling x2  
  65  4:32  Zergling x2  
  65  4:37  Overlord  
  65  4:45  Overlord  
  65  4:48  Overlord  
  64  4:53  Zergling x2  
  64  4:57  Zergling x16  
  71  5:01  Baneling  
  71  5:05  Overlord  
  72  5:07  Zergling x6  
  72  5:10  Spine Crawler  
  72  5:11  Spine Crawler  
  72  5:13  Zergling x4  
  70  5:17  Spine Crawler  
  70  5:18  Evolution Chamber, Spine Crawler  
  60  5:31  Spine Crawler  
  59  5:37  Mutalisk  
  59  5:38  Mutalisk x6  
  59  5:42  Mutalisk  
  75  5:48  Mutalisk  
  74  5:51  Queen  
  74  5:53  Queen  
  74  5:56  Mutalisk  
  78  6:07  Mutalisk  
  78  6:09  Zergling x10  
  79  6:15  Mutalisk  
  79  6:18  Zergling x2  
  82  6:24  Mutalisk  
  83  6:26  Zergling x4  
  83  6:27  Queen  
  82  6:38  Mutalisk  
  82  6:41  Zergling x4  
  83  6:48  Mutalisk  
  83  6:51  Overlord  
  85  6:58  Mutalisk  
  84  7:05  Overlord  
  83  7:11  Zerg Flyer Weapons Level 1  
  83  7:12  Hatchery  
  83  7:13  Drone x7  
  89  7:17  Queen  
  89  7:21  Zerg Melee Weapons Level 1  
  91  7:26  Drone x3  
  94  7:36  Mutalisk  
  96  7:37  Zergling x2  
  96  7:41  Overlord  
  97  7:46  Mutalisk  
  97  7:48  Overlord  
  97  7:49  Zergling x6  
  102  7:59  Mutalisk x2  
  106  8:09  Zergling x4  
  106  8:11  Extractor  
  107  8:13  Extractor  
  107  8:14  Zergling x2  
  107  8:15  Overlord  
  107  8:22  Hatchery  
  106  8:29  Mutalisk x3  
  106  8:32  Drone x4  
  116  8:37  Drone x2  
  116  8:48  Drone x4  
  116  8:58  Mutalisk x3  
  116  9:01  Zergling x4  
  120  9:06  Mutalisk x2  
  120  9:08  Zergling x8  
  128  9:14  Unknown  
  128  9:15  Drone x3  
  128  9:16  Zergling x2  
  128  9:17  Zergling x4  
  133  9:18  Zerg Flyer Weapons Level 2  
  133  9:23  Zergling x4  
  135  9:27  Overlord  
  134  9:34  Mutalisk x2  
  134  9:37  Overlord  
  137  9:42  Hatchery  
  137  9:45  Overlord x2  
  136  9:51  Mutalisk x3  
  142  9:54  Zergling x6  
  142  9:59  Zergling x6  
  148  10:12  Mutalisk x2  
  152  10:14  Zergling x2  
  152  10:15  Zergling x10  
  156  10:29  Mutalisk x3  
  156  10:31  Zergling x2  
  156  10:32  Hatchery  
  160  10:37  Overlord  
  158  10:44  Drone x3  
  158  10:48  Overlord  
  161  10:55  Mutalisk x4  
  172  10:57  Drone x4  
  172  11:03  Mutalisk  
  173  11:09  Mutalisk  
  177  11:16  Mutalisk x2  
  177  11:18  Zergling x4  
  183  11:22  Overlord  
  183  11:29  Overlord x3  
  169  11:42  Zergling x10  
  159  11:49  Mutalisk x7  
  159  11:52  Zergling x16  
  167  12:01  Zergling x10  
Tags
 
Add a new tag
Caveats
  • Supply blocks, unpowered buildings, or Contaminate may cause inaccurate times.
  • Supply counts are checked every 10 seconds.